 Dungeon Crawl Stone Soup version 0.17-a0-1793-gcbb3aa1 (webtiles) character file.

65 Oddball22 the Grave Robber (level 3, 0/27 HPs)
             Began as a Demonspawn Necromancer on Sept 10, 2015.
             Succumbed to an adder's poison
             ... on level 2 of the Dungeon.
             The game lasted 00:04:42 (1732 turns).

Oddball22 the Grave Robber (Demonspawn Necromancer) Turns: 1732, Time: 00:04:42

Health: 0/27       AC:  4    Str:  8    XL:     3   Next: 92%
Magic:  1/6        EV: 12    Int: 16    God:
Gold:   98         SH:  0    Dex: 14    Spells: 2 memorised, 5 levels left

rFire  . . .     SeeInvis .     l - +0 dagger
rCold  . . .     Clarity  .     a - +0 robe
rNeg   . . .     SustAt   .     (no shield)
rPois  .         Gourm    .     (helmet restricted)
rElec  .         Spirit   .     (no cloak)
rCorr  .         Warding  .     (no gloves)
rMut   .         Stasis   .     (no boots)
MR     .....                    (no amulet)
Stlth  +.........               (no ring)
                                i - ring of loudness (curse)

@: lethally poisoned (0 -> -8), not resistant to hostile enchantments, very
unstealthy
A: horns 1, yellow scales 1
a: no special abilities


You were on level 2 of the Dungeon.
You were not hungry.

You visited 1 branch of the dungeon, and saw 2 of its levels.

You collected 98 gold pieces.

Inventory:

Hand weapons
 l - a +0 dagger (weapon)
Armour
 a - a +0 robe (worn)
Jewellery
 i - a cursed ring of loudness (left hand)
Scrolls
 d - a scroll of enchant armour {unknown}
 e - a scroll of amnesia {unknown}
 h - a scroll of identify {unknown}
 j - a scroll of magic mapping {unknown}
Books
 b - a book of Necromancy

   Spells                             Type                      Level
   a - Pain                           Necromancy                   1
   b - Animate Skeleton               Necromancy                   1
   c - Vampiric Draining              Necromancy                   3
   d - Regeneration                   Charms/Necromancy            3
   e - Animate Dead                   Necromancy                   4
   f - Control Undead                 Necromancy                   4
Comestibles
 c - a bread ration
 f - a meat ration
 k - 7 chunks of flesh


   Skills:
 * Level 1.7 Fighting
 + Level 2.3 Dodging
 - Level 1.7 Stealth
 + Level 2.6 Spellcasting
 + Level 4.8 Necromancy


You had 5 spell levels left.
You knew the following spells:

 Your Spells              Type           Power        Failure   Level  Hunger
a - Pain                  Necr           ###.         2%          1    #......
b - Animate Skeleton      Necr           N/A          2%          1    #......


Dungeon Overview and Level Annotations

Branches:
Dungeon (2/15)

Altars:


Innate Abilities, Weirdness & Mutations

You have a pair of small horns on your head.
You are partially covered in yellow scales (AC +2).


Message History

Your kobold skeleton hits the giant cockroach but does no damage.
The giant cockroach misses you.
You hit the giant cockroach.
The giant cockroach is moderately wounded.
The giant cockroach closely misses you.
Your kobold skeleton hits the giant cockroach.
You hit the giant cockroach.
You kill the giant cockroach!
* * * LOW HITPOINT WARNING * * *
You feel sick.
Your kobold skeleton misses the jackal.
The jackal bites you but does no damage.
You barely miss the jackal.
The jackal is moderately wounded.
* * * LOW HITPOINT WARNING * * *
You feel sick. The jackal bites you.
* * * LOW HITPOINT WARNING * * *
Your kobold skeleton hits the jackal.
You closely miss the jackal. Your headbutt misses the jackal.
The jackal is heavily wounded.
You die...

#...... ###.....
#....>.. #......
#...... #.....#
#....)### .#
#.....hZ##.#.# #.
#######@##.#.####...
########....#....#.#
#..................#
#..................#
#..................#
...
#..................#
...
#####....#.........#
... ####.#.........#
#... ##.#.........+
...


You could see a jackal and a friendly kobold skeleton.

Vanquished Creatures
  3 adders (D:2)
  2 giant cockroaches (D:2)
  5 goblins
  7 hobgoblins
  3 jackals (D:1)
  4 kobolds
  8 bats
  A giant gecko (D:1)
  A giant newt (D:1)
  3 rats
37 creatures vanquished.

Vanquished Creatures (collateral kills)
  A jackal (D:2)
1 creature vanquished.

Grand Total: 38 creatures vanquished

Notes
Turn   | Place    | Note
--------------------------------------------------------------
     0 | D:1      | Oddball22 the Demonspawn Necromancer began the quest for the Orb.
     0 | D:1      | Reached XP level 1. HP: 13/13 MP: 3/3
   417 | D:1      | Gained mutation: You have a pair of small horns on your head. [demonic ancestry]
   417 | D:1      | Reached XP level 2. HP: 15/20 MP: 0/5
   431 | D:1      | Reached skill level 1 in Fighting
  1316 | D:2      | Learned a level 1 spell: Animate Skeleton
  1385 | D:2      | Gained mutation: You are partially covered in yellow scales (AC +2). [demonic ancestry]
  1385 | D:2      | Reached XP level 3. HP: 22/26 MP: 1/6
  1731 | D:2      | HP: 1/27 [jackal (2)]
  1732 | D:2      | Succumbed to an adder's poison

Vault maps used:
D:1:      dpeg_arrival_boxes_within_box
D:2:      first_bread, hangedman_abyss_or_decor_stabs, uniq_iyjb

Action                   || total
-------------------------++-------
Melee: Unarmed           ||     4
       Club              ||    25
       Dagger            ||    13
 Cast: Pain              ||    53
       Animate Skeleton  ||     4
  Use: Potion            ||     1
 Stab: Sleeping          ||     1
  Eat: Chunk             ||     3
